 Dungeon Crawl Stone Soup version 0.28-a0-683-ga8797d1ae1 (webtiles) character file.

Game seed: 1187727712556755437

387 shoop the Cudgeller (level 6, 0/63 HPs)
             Began as an Ogre Fighter on Oct 18, 2021.
             Slain by an orc wizard (3 damage)
             ... on level 4 of the Dungeon on Oct 19, 2021.
             The game lasted 00:05:36 (4198 turns).

shoop the Cudgeller (Ogre Fighter)                  Turns: 4198, Time: 00:05:36

Health: 0/63       AC:  3    Str: 22    XL:     6   Next: 78%
Magic:  6/6        EV: 12    Int: 10    God:
Gold:   140        SH:  7    Dex:  8    Spells: 5/5 levels left

rFire   . . .      SeeInvis .   a - +0 flail
rCold   . . .      Faith    .   c - +0 kite shield
rNeg    . . .      Spirit   .   b - +0 robe
rPois   .          Reflect  .   (helmet restricted)
rElec   .          Harm     .   (no cloak)
rCorr   .          Rampage  .   (gloves unavailable)
Will    .....                   (boots unavailable)
Stlth   +.........              (no amulet)
HPRegen 0.20/turn               o - +4 ring of evasion
MPRegen 0.10/turn               (no ring)

@: mighty
A: large, unfitting armour, tough skin 1
a: no special abilities


You were on level 4 of the Dungeon.
You visited 1 branch of the dungeon, and saw 4 of its levels.

You collected 140 gold pieces.

Inventory:

Hand Weapons
 a - a +0 flail (weapon)
Missiles
 g - 80 stones (quivered)
 m - 2 silver boomerangs
Armour
 b - a +0 robe (worn)
 c - a +0 kite shield (worn)
Jewellery
 o - a +4 ring of evasion (left hand)
Scrolls
 f - a scroll of immolation {unknown}
 h - 3 scrolls of identify {unknown}
 k - 2 scrolls of fear {unknown}
 l - a scroll of amnesia {unknown}
Potions
 e - a potion of brilliance {unknown}
 i - a potion of cancellation {unknown}
 j - a potion of invisibility {unknown}
 n - a potion of attraction {unknown}
 p - a potion of haste {unknown}


   Skills:
 + Level 4.6 Fighting
 + Level 5.2 Maces & Flails
 + Level 2.2 Throwing
 + Level 3.1 Dodging
 + Level 0.1 Stealth
 + Level 3.0 Shields


You had 5 spell levels left.
You didn't know any spells.
Your spell library was empty.

Dungeon Overview and Level Annotations

Branches:
Dungeon (4/15)
 Temple: D:4-7

Altars:

Shops:
D:1 (

Annotations:
D:2 Sigmund


Innate Abilities, Weirdness & Mutations

You are too large for most types of armour.
You have tough skin. (AC +1)


Message History

Your Shields skill increases to level 3!
You sock something! You closely miss something.
You hear some strange, mumbled words.
Something completely misses you.
You miss something. Something hits you but does no damage.
You barely miss something. Something hits you but does no damage.
You hear some strange, mumbled words.
A puff of flame appears from out of thin air!
You block the puff of flame. Something hits you.
* * * LOW HITPOINT WARNING * * *
Your shield prevents you from hitting something.
An orc wizard appears from thin air!
Reactivating autopickup.
Something hits you.
* * * LOW HITPOINT WARNING * * *
Deactivating autopickup; reactivate with Ctrl-A.
You closely miss something.
The orc wizard gestures wildly while chanting.
The orc wizard flickers and vanishes!
Something barely misses you.
You closely miss something. Something hits you.
* * * LOW HITPOINT WARNING * * *
Something hits you.
* * * LOW HITPOINT WARNING * * *
You closely miss something. Something hits you.
* * * LOW HITPOINT WARNING * * *
You sock something! Something hits you.
* * * LOW HITPOINT WARNING * * *
You hear some strange, mumbled words.
Something hits you.
* * * LOW HITPOINT WARNING * * *
You miss something. Something hits you.
* * * LOW HITPOINT WARNING * * *
You hit something.
Reactivating autopickup.
You feel a bit more experienced.
Your life force feels restored.
Deactivating autopickup; reactivate with Ctrl-A.
You barely miss something. Something hits you.
You die...

###############
#.............#
#.............#
#.............#
#.............#
#####{o†......#####
#...@#####....#
#....#...#....#
#....#...#....#
#....#...#....#######
#####....#....o......
#....#...........
##########..†....
#....... #.......


You could see an orc.

Vanquished Creatures
  A black bear (D:3)
  A necrophage (D:4)
  An iguana (D:4)
  An orc wizard (D:4)
  4 gnolls (D:2)
  4 adders
  2 worms (D:3)
  3 dart slugs
  6 orcs
  9 endoplasms
  7 giant cockroaches
  7 hobgoblins
  3 quokkas
  3 ball pythons
  8 bats
  3 frilled lizards
  5 goblins
  5 kobolds
  3 rats (D:1)
76 creatures vanquished.

Notes
Turn   | Place    | Note
-------+----------+-------------------------------------------
     0 | D:1      | shoop the Ogre Fighter began the quest for the Orb.
     0 | D:1      | Reached XP level 1. HP: 24/24 MP: 1/1
   119 | D:1      | Reached XP level 2. HP: 16/32 MP: 2/2
   339 | D:1      | Reached skill level 2 in Maces & Flails
   721 | D:1      | Found Walaelecw's Weapon Shop.
  1209 | D:1      | Found a faded altar of an unknown god.
  1272 | D:1      | Reached XP level 3. HP: 33/39 MP: 3/3
  1412 | D:2      | Reached skill level 3 in Maces & Flails
  1749 | D:2      | Reached XP level 4. HP: 47/48 MP: 4/4
  1761 | D:2      | Noticed Sigmund
  1916 | D:3      | Noticed a black bear
  1926 | D:3      | HP: 1/48 [black bear (5)]
  1927 | D:3      | Killed a black bear
  1928 | D:3      | Reached skill level 4 in Maces & Flails
  1928 | D:3      | Reached XP level 5. HP: 2/54 MP: 5/5
  3694 | D:2      | Reached XP level 6. HP: 13/62 MP: 6/6
  4141 | D:4      | Noticed a necrophage
  4178 | D:4      | Killed a necrophage
  4179 | D:4      | Reached skill level 5 in Maces & Flails
  4195 | D:4      | HP: 3/62 [something (1)]
  4198 | D:4      | Slain by an orc wizard

Illustrated notes

Levels and vault maps discovered:
D:1:      amcnicky_arrival_choice, layout_loops_ring,
          dilly_ecumenical_altar_fadedgnrine, serial_shops, shop
D:2:      layout_basic, uniq_sigmund
D:3:      layout_basic, minmay_misc_feat_secret_circle, minivault_23
D:4:      layout_gridville, kennysheep_generic_room_12, uniq_purgy

Skill      XL: |  1  2  3  4  5  6 |
---------------+-------------------+-----
Maces & Flails | 2 3 4 5 |  5.2
Throwing       | 2 |  2.2
Dodging        | 3 |  3.1
Shields        | 3 |  3.0
Fighting       | |  4.6
Stealth        | |  0.1

Action                   |  1- 3 |  4- 6 || total
-------------------------+-------+-------++-------
Melee: Flail             |   139 |   158 ||   297
Throw: Stone             |       |     4 ||     4
  Use: Potion            |       |     1 ||     1
Armor: Robe              |    71 |    16 ||    87
Dodge: Dodged            |    71 |    71 ||   142
Block: Kite shield       |    62 |    42 ||   104

Table legend: (Time is in decaauts)
 A = Elapsed time spent in this place.
 B = Non-inter-level travel time spent in this place.
 C = Inter-level travel time spent in this place.
 D = Time resting spent in this place.
 E = Time spent auto-exploring this place.
 F = Levels seen in this place.
 G = Mean time per level.
                   A        B        C        D        E       F      G
               +--------+--------+--------+--------+--------+-----+--------+
         Total |   4327 |   4203 |    124 |      0 |   3427 |   4 | 1081.8 |
       Dungeon |   4327 |   4203 |    124 |      0 |   3427 |   4 | 1081.8 |
               +--------+--------+--------+--------+--------+-----+--------+

Top non-repeatable levels by time:
     D:3: 1737 daAuts
     D:1: 1367 daAuts
     D:2: 1016 daAuts
     D:4: 205 daAuts
